Map: Ever Dream LE

Players

Robbie (Rob) - Winner!

  • Race: Protoss Protoss
  • League: Grandmaster
  • Spawn Location: 1:00

PiLiPiLi

  • Race: Protoss Protoss
  • League: Grandmaster
  • Spawn Location: 7:00

Event: DreamHack SC2 Masters 2020 Fall

VOD

Have the link to the VOD?

Description

Time

  • Played on: Sept. 1, 2020, 5:36 p.m.
  • Length: 9:51

All games in this series

Show
View Real Time Build Order
Export as new Build Order

Robbie Protoss - Winner!

Build Orders:  

Get SALT Encoding   

  12  0:00  Probe  
  13  0:12  Probe  
  14  0:18  Pylon  
  14  0:24  Probe (Chrono Boost)  
  15  0:36  Probe (Chrono Boost)  
  15  0:38  Forge  
  16  0:45  Probe (Chrono Boost)  
  17  1:05  Pylon  
  17  1:08  Pylon  
  17  1:09  Pylon  
  17  1:11  Pylon  
  17  1:12  Pylon  
  17  1:25  Photon Cannon  
  17  1:34  Photon Cannon  
  17  1:57  Probe  
  17  2:06  Pylon  
  16  2:09  Probe  
  16  2:14  Photon Cannon  
  17  2:15  Photon Cannon  
  17  2:22  Assimilator x2  
  18  2:25  Gateway  
  18  2:26  Probe  
  18  2:30  Pylon  
  18  2:38  Probe  
  19  2:50  Probe  
  20  2:54  Photon Cannon  
  20  2:59  Pylon  
  20  3:06  Gateway  
  19  3:16  Photon Cannon  
  19  3:19  Probe, Cybernetics Core  
  20  3:32  Probe  
  21  3:44  Probe  
  22  3:56  Probe  
  22  4:02  Stalker  
  24  4:05  Stargate  
  24  4:08  Pylon  
  24  4:17  Shield Battery  
  24  4:24  Pylon  
  24  4:34  Photon Cannon  
  24  4:39  Probe  
  24  4:42  Void Ray (Chrono Boost)  
  29  4:56  Shield Battery  
  29  5:09  Void Ray (Chrono Boost)  
  33  5:21  Pylon  
  33  5:32  Probe  
  34  5:35  Void Ray (Chrono Boost)  
  38  5:53  Probe  
  34  6:03  Void Ray (Chrono Boost)  
  32  6:05  Probe  
  37  6:15  Warp Gate  
  37  6:22  Pylon  
  36  6:34  Void Ray (Chrono Boost)  
  39  7:07  Shield Battery, Void Ray (Chrono Boost)  
  39  7:08  Pylon  
  39  7:12  Probe  
  44  7:30  Shield Battery  
  44  7:31  Nexus  
  44  7:39  Void Ray (Chrono Boost)  
  48  7:54  Shield Battery  
  48  8:13  Void Ray (Chrono Boost)  
  48  8:14  Photon Cannon  
  48  8:15  Probe  
  53  8:22  Pylon  
  53  8:27  Probe  
  54  8:39  Probe  
  55  8:43  Void Ray  
  59  9:14  Stargate  
  59  9:16  Pylon  
  59  9:22  Probe  
  60  9:27  Pylon  
Show
View Real Time Build Order
Export as new Build Order

PiLiPiLi Protoss 

Build Orders:  

Get SALT Encoding   

  12  0:00  Probe  
  13  0:12  Probe  
  14  0:17  Pylon  
  14  0:24  Probe (Chrono Boost)  
  15  0:36  Gateway, Probe (Chrono Boost)  
  16  0:44  Probe (Chrono Boost)  
  16  0:45  Assimilator  
  17  0:51  Probe  
  18  0:59  Assimilator  
  18  1:03  Probe  
  19  1:22  Zealot (Chrono Boost)  
  19  1:24  Cybernetics Core  
  21  1:36  Gateway  
  21  1:37  Pylon  
  21  2:01  Stalker (Chrono Boost)  
  18  2:23  Shield Battery, Stalker (Chrono Boost)  
  20  2:31  Stalker  
  20  2:36  Probe  
  22  2:48  Probe  
  23  3:02  Stalker  
  23  3:03  Probe  
  26  3:12  Assimilator  
  26  3:16  Warp Gate (Chrono Boost), Probe  
  27  3:28  Probe  
  27  3:32  Pylon  
  28  3:40  Probe  
  29  3:51  Robotics Facility  
  29  3:53  Probe  
  28  4:11  Shield Battery  
  28  4:17  Gateway  
  28  4:18  Gateway  
  28  4:35  Warp Prism (Chrono Boost)  
  30  4:47  Pylon  
  30  4:57  Stalker x2  
  34  5:05  Observer  
  35  5:11  Stalker  
  37  5:17  Pylon  
  37  5:41  Stalker x4  
  25  6:04  Twilight Council  
  25  6:05  Stalker  
  25  6:07  Stalker  
  29  6:25  Observer  
  29  6:36  Blink (Chrono Boost), Stalker  
  31  6:43  Stalker x2  
  35  6:52  Stalker  
  37  7:08  Stalker  
  39  7:11  Stalker  
  41  7:23  Pylon  
  41  7:33  Stalker x2  
  45  7:52  Shield Battery  
  45  7:53  Stalker  
  46  8:09  Warp Prism  
  47  8:22  Stalker  
  47  8:26  Stalker  
  46  8:49  Stalker  
  46  8:50  Stalker  
  50  9:03  Probe  
  51  9:17  Stalker x3  
  43  9:48  Stalker x2  

Tags
 
Add a new tag
Caveats
  • Supply blocks, unpowered buildings, or Contaminate may cause inaccurate times.
  • Supply counts are checked every 10 seconds.